 Dungeon Crawl Stone Soup version 0.29-a0-322-g68df515428 (webtiles) character file.

Game seed: 3325832308833626664

242 Psyclone the Digger (level 6, -1/36 HPs)
             Began as an Octopode Earth Elementalist on Apr 7, 2022.
             Slain by a bog mummy (11 damage)
             ... in an ossuary.
             The game lasted 00:06:12 (2607 turns).

Psyclone the Digger (Octopode Earth Elementalist)   Turns: 2607, Time: 00:06:12

Health: -1/36      AC:  1    Str:  7    XL:     6   Next: 9%
Magic:  6/9        EV: 13    Int: 19    God:
Gold:   104        SH:  0    Dex: 13    Spells: 3/9 levels left

rFire   . . .      SeeInvis .   a - +0 dagger
rCold   . . .      Faith    .   (no shield)
rNeg    . . .      Spirit   .   (helmet restricted)
rPois   .          Reflect  .   c - amulet of magic regeneration
rElec   +          Harm     .   e - ring of resist corrosion
rCorr   +          Rampage  .   (no ring)
Will    .....      Rage     1%  (no ring)
Stlth   +++.......              (no ring)
HPRegen 0.12/turn               (no ring)
MPRegen 0.51/turn               (no ring)
                                (no ring)
                                (no ring)

@: very slightly contaminated
A: almost no armour, amphibious, 8 rings, camouflage 1, gelatinous body 1,
(nimble swimmer 1), tentacles, berserk 1, electricity resistance, subdued magic
1
a: no special abilities


You were in an ossuary.
You visited 1 branch of the dungeon, and saw 4 of its levels.
You also visited: Ossuary.

You collected 104 gold pieces.

Inventory:

Hand Weapons
 a - a +0 dagger (weapon)
Missiles
 g - 24 stones
Jewellery
 c - an amulet of magic regeneration (around mantle)
 e - a ring of resist corrosion (left tentacle)
Wands
 m - a wand of charming (6)
Scrolls
 d - a scroll of holy word {unknown}
 f - a scroll of amnesia
 h - 2 scrolls of identify {unknown}
 i - a scroll of summoning {unknown}
 j - a scroll of noise {unknown}
Potions
 b - a potion of magic
 k - 2 potions of brilliance {unknown}
 l - a potion of curing {unknown}


   Skills:
 - Level 2.0 Dodging
 - Level 4.0 Stealth
 - Level 2.0 Spellcasting
 + Level 4.0 Conjurations
 - Level 1.0 Transmutations
 - Level 4.5 Earth Magic


You had 3 spell levels left.
You knew the following spells:

 Your Spells              Type           Power      Damage    Failure   Level
a - Sandblast             Erth           28%        2d8       1%          1
b - Passwall              Tmut/Erth      7%         N/A       7%          2
c - Stone Arrow           Conj/Erth      28%        3d8       7%          3

Your spell library contained the following spells:

 Spells                   Type           Power      Damage    Failure   Level
 Magic Dart               Conj           52%        1d5       2%          1
 Searing Ray              Conj           26%        2d5       3%          2
 Summon Small Mammal      Summ           4%         N/A       14%         1
 Corpse Rot               Necr/Air       2%         N/A       22%         2
 Poisonous Vapours        Pois/Air       2%         N/A       22%         2
 Call Canine Familiar     Summ           1%         N/A       41%         3
 Summon Guardian Golem    Hex/Summ       1%         N/A       41%         3
 Petrify                  Tmut/Erth      9%         N/A       43%         4
 Fulminant Prism          Conj/Hex       3%         3d6       54%         4


Dungeon Overview and Level Annotations

Branches:
Dungeon (4/15)            Ossuary (1/1)
 Temple: D:4-7

Altars:
Nemelex Xobeh

Shops:
D:1 [

Annotations:
D:3 Sigmund


Innate Abilities, Weirdness & Mutations

You cannot wear most types of armour.
You are amphibious.
You can wear up to eight rings at the same time.
Your skin changes colour to match your surroundings (Stealth+).
Your rubbery body absorbs attacks. (AC +1, EV +1)
((You are camouflaged when in or above water. (Stealth+)))
You have tentacles for arms and can constrict up to eight enemies at once.
You tend to lose your temper in combat.
You are resistant to electric shocks. (rElec)
Your spells are a little easier to cast, but a little less powerful.


Message History

Confirm with . or Enter, or press ? or * to list all spells.
Aiming: Sandblast (safe; 1% risk of failure)
Press: ? - help, Shift-Dir - straight line, f/p - mummy
Aim: a mummy (heavily damaged, constricted by you, 100% to hit)
The blast of sand hits the mummy.
The mummy is almost destroyed.
You constrict the mummy.
Casting: Sandblast (safe; 1% risk of failure)
Confirm with . or Enter, or press ? or * to list all spells.
Aiming: Sandblast (safe; 1% risk of failure)
Press: ? - help, Shift-Dir - straight line, f/p - mummy
Aim: a mummy (almost destroyed, constricted by you, 100% to hit)
The blast of sand hits the mummy!
You destroy the mummy!
Your Conjurations skill increases to level 4!
You now have 7/9 mp.
Casting: Sandblast (safe; 1% risk of failure)
Confirm with . or Enter, or press ? or * to list all spells.
Aiming: Sandblast (safe; 1% risk of failure)
Press: ? - help, Shift-Dir - straight line, f - bog mummy
Aim: a bog mummy (90% to hit)
The blast of sand misses the bog mummy.
Casting: Sandblast (safe; 1% risk of failure)
Confirm with . or Enter, or press ? or * to list all spells.
Aiming: Sandblast (safe; 1% risk of failure)
Press: ? - help, Shift-Dir - straight line, f/p - bog mummy
Aim: a bog mummy (90% to hit)
The blast of sand misses the bog mummy.
The bog mummy casts a spell at you. The puff of frost hits you!
* * * LOW HITPOINT WARNING * * *
You take 9 damage, and have 10/36 hp.
MASSIVE DAMAGE!!
You now have 6/9 mp.
Casting: Sandblast (safe; 1% risk of failure)
Confirm with . or Enter, or press ? or * to list all spells.
Aiming: Sandblast (safe; 1% risk of failure)
Press: ? - help, Shift-Dir - straight line, f/p - bog mummy
Aim: a bog mummy (90% to hit)
The blast of sand hits the bog mummy but does no damage.
The bog mummy hits you!
You die...

.+ +.# #.+
#.# '.+
#####.#
#∩..#.+
#.∩.M.#
#..@#.+
#####M#
.≈.≈.≈≈≈'.#
≈.≈.≈.≈M###
#P#.#.≈.#
#≈ #≈≈≈# ≈≈
≈#≈## #
#≈≈# ###


You could see a bog mummy.

Vanquished Creatures
  A hound (D:4)
  Jessica (D:3)
  2 iguanas (D:4)
  A mummy (Ossuary)
  5 adders
  2 worms (D:2)
  4 dart slugs
  An orc (D:4)
  5 bats
  6 endoplasms
  5 giant cockroaches
  5 goblins
  8 hobgoblins
  2 jackals (D:2)
  2 kobolds
  3 quokkas
  3 ball pythons
  5 frilled lizards
  A rat (D:1)
62 creatures vanquished.

Vanquished Creatures (others)
  A withered plant (Ossuary)
1 creature vanquished.

Grand Total: 63 creatures vanquished

Notes
Turn   | Place    | Note
-------+----------+-------------------------------------------
     0 | D:1      | Psyclone the Octopode Earth Elementalist began the quest
                  | for the Orb.
     0 | D:1      | Reached XP level 1. HP: 11/11 MP: 3/3
    62 | D:1      | Reached XP level 2. HP: 9/17 MP: 1/5
   256 | D:1      | Found Oriruer's Armour Emporium.
   625 | D:1      | Reached XP level 3. HP: 21/21 MP: 6/6
   708 | D:1      | Found a faded altar of an unknown god.
  1018 | D:1      | Gained mutation: You tend to lose your temper in combat.
                  | [potion of mutation]
  1018 | D:1      | Gained mutation: You are resistant to electric shocks.
                  | (rElec) [potion of mutation]
  1018 | D:1      | Gained mutation: Your spells are a little easier to cast,
                  | but a little less powerful. [potion of mutation]
  1119 | D:2      | Learned a level 2 spell: Passwall
  1123 | D:2      | Learned a level 3 spell: Stone Arrow
  1522 | D:2      | Reached XP level 4. HP: 27/27 MP: 5/7
  1994 | D:3      | Reached skill level 1 in Conjurations
  2118 | D:3      | Noticed Jessica
  2126 | D:3      | Killed Jessica
  2127 | D:3      | Reached XP level 5. HP: 24/31 MP: 6/8
  2203 | D:3      | Noticed Sigmund
  2244 | D:4      | Found a sand-covered staircase.
  2333 | D:4      | Found a sparkling altar of Nemelex Xobeh.
  2431 | D:4      | Reached XP level 6. HP: 19/36 MP: 4/9
  2454 | D:4      | Identified the +1 ring mail "Ykhar" {Fly rF+ rC+}
  2584 | Ossuary  | Entered an ossuary
  2607 | Ossuary  | Slain by a bog mummy

Illustrated notes

Levels and vault maps discovered:
D:1:      ebering_trefoil_twist, layout_loops_ring,
          chequers_ecumenical_altar_island, serial_shops, shop
D:2:      layout_loops_ring
D:3:      layout_rooms, lemuel_coloured_pillars_altar,
          kennysheep_generic_room_7, uniq_jessica, uniq_sigmund, uniq_terence
D:4:      minmay_razor_zed, layout_layer_cave, nicolae_uskayaw_en_pointe,
          kennysheep_mini_moat, gammafunk_temple_overflow_statue,
          nicolae_ossuary_entry_monument
Ossuary:  ossuary_zaba_flooded

Skill      XL: |  1  2  3  4  5  6 |
---------------+-------------------+-----
Stealth        | 3 4 |  4.0
Earth Magic    | 4 |  4.5
Conjurations   | 2 3 4 |  4.0
Dodging        | |  2.0
Spellcasting   | |  2.0
Transmutations | |  1.0

Action                   |  1- 3 |  4- 6 || total
-------------------------+-------+-------++-------
Melee: Unarmed           |     5 |       ||     5
       Constrict         |    10 |     9 ||    19
       Dagger            |    32 |    44 ||    76
       Tentacles         |     9 |    10 ||    19
       Punch             |     1 |       ||     1
 Cast: Sandblast         |    32 |    21 ||    53
  Use: Potion            |     4 |       ||     4
       Scroll            |     3 |     1 ||     4
 Stab: Sleeping          |     7 |    10 ||    17
Armor: Skin              |     5 |     4 ||     9
Dodge: Dodged            |    33 |    33 ||    66

Table legend: (Time is in decaauts)
 A = Elapsed time spent in this place.
 B = Non-inter-level travel time spent in this place.
 C = Inter-level travel time spent in this place.
 D = Time resting spent in this place.
 E = Time spent auto-exploring this place.
 F = Levels seen in this place.
 G = Mean time per level.
                   A        B        C        D        E       F      G
               +--------+--------+--------+--------+--------+-----+--------+
         Total |   2590 |   2536 |     54 |    157 |   1774 |   5 |  518.0 |
       Dungeon |   2567 |   2513 |     54 |    155 |   1774 |   4 |  641.8 |
       Ossuary |     22 |     22 |      0 |      2 |      0 |   1 |   22.0 |
               +--------+--------+--------+--------+--------+-----+--------+

Top non-repeatable levels by time:
     D:1: 1060 daAuts
     D:2: 812 daAuts
     D:4: 373 daAuts
     D:3: 320 daAuts
 Ossuary: 22 daAuts
